 Dungeon Crawl Stone Soup version 0.27.1 (webtiles) character file.

Game seed: 4777631234487129807

18 sanka the Unweaver (level 2, 0/25 HPs)
             Began as a Palentonga Abyssal Knight on Aug 26, 2021.
             Was a Follower of Lugonu.
             Slain by a gnoll (8 damage)
             ... on level 1 of the Dungeon.
             The game lasted 00:00:55 (821 turns).

sanka the Unweaver (Palentonga Abyssal Knight)       Turns: 821, Time: 00:00:55

Health: 0/25       AC:  4    Str: 15    XL:     2   Next: 51%
Magic:  4/4        EV:  9    Int: 12    God:    Lugonu [*.....]
Gold:   59         SH:  0    Dex:  9    Spells: 1/1 levels left

rFire    . . .     SeeInvis +   a - +1 hand axe
rCold    . . .     Faith    .   (no shield)
rNeg     . . .     Spirit   .   b - +0 leather armour
rPois    .         Reflect  .   (no helmet)
rElec    .         Harm     .   (no cloak)
rCorr    .         Rampage  .   (no gloves)
Will     .....                  (no barding)
Stlth    +.........             (no amulet)
HPRegen  0.08/turn              (no ring)
MPRegen  0.09/turn              (no ring)

@: no status effects
A: large, rugged brown scales 3, see invisible, deformed body, roll 1, armoured
tail
a: Rolling Charge, Renounce Religion, Depart the Abyss


You were on level 1 of the Dungeon.
You worshipped Lugonu.
Lugonu was aware of your devotion.
You visited 1 branch of the dungeon, and saw 1 of its levels.
You visited the Abyss 1 time.

You collected 59 gold pieces.


Innate Abilities, Weirdness & Mutations

You are completely covered in rugged brown scales. (AC +3, +7% HP)
You have supernaturally acute eyesight. (SInv)
Armour fits poorly on your strangely shaped body.
You can roll at nearby foes to attack.
You have a long armoured tail.


   Skills:
 - Level 3.0 Fighting
 - Level 2.0 Axes
 - Level 1.5 Armour
 - Level 0.7 Dodging
 + Level 3.4 Invocations


You had one spell level left.
You didn't know any spells.
Your spell library was empty.

Inventory:

Hand Weapons
 a - a +1 hand axe (weapon)
Armour
 b - a +0 leather armour (worn)
Scrolls
 c - a scroll of enchant armour {unknown}
 d - a scroll of amnesia {unknown}
 f - a scroll of magic mapping {unknown}
Potions
 e - a potion of flight {unknown}

Dungeon Overview and Level Annotations

Branches:
Dungeon (1/15)

Altars:

......▒▒.▒▒▒▒.▒▒
▒.▒▒▒.▒▒.▒ ▒.▒
.▒.......▒▒▒▒.▒▒▒▒.▒
▒.▒................▒
.▒.......▒▒▒▒.▒▒▒▒▒▒
▒.▒......▒ ▒.▒
.▒.......▒ ▒.▒▒▒▒▒▒
▒.▒......▒▒▒▒......▒▒▒▒▒
.▒+.........+...Hg......
▒.▒......▒▒ ▒......▒▒▒▒▒
▒▒▒......▒ ▒......▒
...▒▒.▒▒▒▒ ▒......▒
▒▒.▒▒.▒ ▒▒▒▒▒▒▒▒
....▒.▒▒▒▒ ▒▒.▒▒....▒
▒.▒▒.▒▒.▒ ▒▒.▒▒....▒▒▒▒


You could see a gnoll.


Message History

The gnoll hits you with a +0 club!
You hit the gnoll.
The gnoll is lightly wounded.
The gnoll closely misses you.
You hit the gnoll.
The gnoll is moderately wounded.
The gnoll barely misses you.
You hit the gnoll.
The gnoll is heavily wounded.
The gnoll hits you but does no damage. The gnoll hits you with a +0 club.
You hit the gnoll but do no damage.
The gnoll is heavily wounded.
The gnoll barely misses you.
You hit the gnoll.
The gnoll is severely wounded.
The gnoll hits you with a +0 club.
You closely miss the gnoll.
The gnoll is severely wounded.
The gnoll hits you with a +0 club.
You hit the gnoll.
The gnoll is severely wounded.
The gnoll hits you with a +0 club.
* * * LOW HITPOINT WARNING * * *
You closely miss the gnoll.
The gnoll is severely wounded.
The gnoll hits you with a +0 club.
* * * LOW HITPOINT WARNING * * *
The gnoll hits you with a +0 club!
You die...

Action                   || total
-------------------------++-------
Melee: Hand axe          ||    58
       Tailslap          ||     4
Invok: Depart the Abyss  ||     1
 Abil: Rolling Charge    ||     1
Armor: Leather armour    ||    22
Dodge: Dodged            ||    31

Levels and vault maps discovered:
D:1:      ncdulo_watergridlock, layout_basic, bh_walls_and_bars

Notes
Turn   | Place    | Note
-------+----------+-------------------------------------------
     0 | Abyss:1  | sanka the Palentonga Abyssal Knight began the quest for the
                  | Orb.
     0 | Abyss:1  | Reached XP level 1. HP: 19/19 MP: 2/2
    20 | Abyss:1  | Found a corrupted altar of Lugonu.
    33 | Abyss:1  | Noticed an orc sorcerer
    36 | Abyss:1  | Noticed a phantasmal warrior
    41 | Abyss:1  | Noticed a fire bat
    46 | Abyss:1  | Noticed a large abomination
    47 | D:1      | Escaped the Abyss
   352 | D:1      | Reached * piety under Lugonu
   395 | D:1      | Reached XP level 2. HP: 25/25 MP: 4/4
   439 | D:1      | Reached skill level 3 in Invocations
   821 | D:1      | Slain by a gnoll

Vanquished Creatures
  A dart slug (D:1)
  2 bats (D:1)
  A giant cockroach (D:1)
  4 goblins (D:1)
  A hobgoblin (D:1)
  2 frilled lizards (D:1)
  A kobold (D:1)
  4 rats (D:1)
16 creatures vanquished.
